 Dungeon Crawl Stone Soup version 0.21.1-1-g345015f (webtiles) character file.

141 twistedcrescendo the Skirmisher (level 5, -10/48 HPs)
             Began as a Minotaur Berserker on June 20, 2018.
             Was a Believer of Trog.
             Mangled by an ogre
             ... wielding a +0 giant club
              (21 damage)
             ... on level 3 of the Dungeon.
             The game lasted 00:08:59 (1858 turns).

twistedcrescendo the Skirmisher (MiBe)              Turns: 1858, Time: 00:08:59

Health: -10/48     AC: 13    Str: 21    XL:     5   Next: 3%
Magic:  4/4        EV:  6    Int:  4    God:    Trog [**....]
Gold:   107        SH:  5    Dex: 11    Spells: 4/4 levels left

rFire    . . .     SeeInvis .   r - -3 mace (curse)
rCold    . . .     Gourm    .   f - +2 buckler
rNeg     . . .     Faith    .   p - +0 plate armour
rPois    .         Spirit   .   (helmet restricted)
rElec    .         Reflect  .   (no cloak)
rCorr    .         Harm     .   (no gloves)
MR       .....                  k - +1 pair of boots
Stlth    ..........             (no amulet)
HPRegen  0.16/turn              (no ring)
MPRegen  0.09/turn              (no ring)

@: no status effects
A: retaliatory headbutt, horns 2
a: Berserk, Trog's Hand, Burn Spellbooks, Renounce Religion


You were on level 3 of the Dungeon.
You worshipped Trog.
Trog was pleased with you.
You were not hungry.

You visited 1 branch of the dungeon, and saw 3 of its levels.

You collected 107 gold pieces.

Inventory:

Hand Weapons
 a - a +0 mace
 r - a cursed -3 mace (weapon)
Armour
 f - a +2 buckler (worn)
 k - a +1 pair of boots (worn)
 p - a +0 plate armour (worn)
Jewellery
 l - an uncursed amulet of faith {unknown}
 m - an uncursed ring of wizardry {unknown}
Scrolls
 j - a scroll of identify
Potions
 b - a potion of lignification {unknown}
 d - 3 potions of curing
 e - a potion of resistance {unknown}
 g - a potion of magic {unknown}
 i - a potion of brilliance {unknown}
 q - a potion of degeneration {unknown}
Comestibles
 c - 4 rations
 h - 5 chunks of flesh


   Skills:
 + Level 5.5 Fighting
 + Level 5.5 Maces & Flails
 - Level 2.4 Armour
 - Level 2.2 Dodging


You had 4 spell levels left.
You didn't know any spells.

Dungeon Overview and Level Annotations

Branches:
Dungeon (3/15)

Altars:


Innate Abilities, Weirdness & Mutations

You reflexively headbutt those who attack you in melee.
You have a pair of horns on your head.


Message History

The ogre is heavily wounded.
The ogre hits you but does no damage. The leopard gecko barely misses you.
You furiously retaliate!
You headbutt the leopard gecko. You sock the ogre!
You headbutt the ogre, but do no damage.
The ogre is almost dead.
The leopard gecko bites you but does no damage.
The ogre hits you with a giant club!!
* * * LOW HITPOINT WARNING * * *
The leopard gecko completely misses you.
You furiously retaliate!
You headbutt the leopard gecko!
You kill the leopard gecko!
Trog accepts your kill.
You barely miss the ogre.
The ogre is almost dead.
The ogre barely misses you.
Your shield and plate armour prevent you from hitting the ogre.
The ogre is almost dead.
The ogre hits you with a giant club!!
You die...

,****************,,,,,,,,,,*,,,,,
,,,,,,,,,,,,,,,,,.......,,,*,,,,,
,,,,,,,,,,,,,,,,,.......,,,,,,,,,
,****************..(....,,,,,,,,,
,* ####### *.......,,,,,,,,, **
#.....# *.......,,,,***** #.##.##
*..........,*
#.##.#######...........*
######.##....#..@O......,...#
.......#####.#.#.###+###**#.#####
.######........#.###..# #......
,*#####.####.###....#.## #......
,*#...#.#..............####......
,##.#.#.....##*#.........##......
,#<.#.#.#...# ##.##..#.#.##......
,####.#.##..# #......#.#.........
,#....#.##..# #.....##....#......


You could see an ogre.

Vanquished Creatures
  A worker ant (D:3)
  5 adders
  5 oozes
  3 worms
  2 dart slugs
  A leopard gecko (D:3)
  An orc (D:3)
  8 bats
  4 goblins
  3 hobgoblins
  2 quokkas
  A ball python (D:2)
  3 kobolds
  3 rats
42 creatures vanquished.

Notes
Turn   | Place    | Note
-------+----------+-------------------------------------------
     0 | D:1      | twistedcrescendo the Minotaur Berserker began the quest for the Orb.
     0 | D:1      | Reached XP level 1. HP: 19/19 MP: 0/0
   275 | D:1      | Reached XP level 2. HP: 26/27 MP: 1/1
   659 | D:2      | Reached XP level 3. HP: 34/34 MP: 2/2
  1217 | D:2      | Reached XP level 4. HP: 41/41 MP: 3/3
  1293 | D:2      | Reached skill level 5 in Fighting
  1293 | D:2      | Reached skill level 5 in Maces & Flails
  1673 | D:3      | Reached ** piety under Trog
  1822 | D:3      | Reached XP level 5. HP: 48/48 MP: 4/4
  1848 | D:3      | Noticed an ogre
  1858 | D:3      | Mangled by an ogre

Skill      XL: |  1  2  3  4 |
---------------+-------------+-----
Fighting       | 4 5 |  5.5
Maces & Flails | 4 5 |  5.5
Armour         | |  2.4
Dodging        | |  2.2

Action                   |  1- 3 |  4- 6 || total
-------------------------+-------+-------++-------
Melee: Mace              |    67 |    49 ||   116
       Headbutt          |    13 |    11 ||    24
  Use: Scroll            |       |     5 ||     5
 Stab: Sleeping          |     1 |       ||     1
  Eat: Chunk             |     1 |     2 ||     3
Armor: Animal skin       |     2 |       ||     2
       Leather armour    |     2 |       ||     2
       Chain mail        |    20 |       ||    20
       Plate armour      |     8 |    30 ||    38
Dodge: Dodged            |    17 |    21 ||    38
Block: Buckler           |    12 |     8 ||    20
